 Dungeon Crawl Stone Soup version 0.19-a0-1907-gcff654f (webtiles) character file.

495 suicidejoker the Covert (level 6, -3/29 HPs)
             Began as a Spriggan Enchanter on Oct 22, 2016.
             Slain by Pikel
             ... wielding a +2 whip of flaming
              (5 damage)
             ... on level 4 of the Dungeon.
             The game lasted 00:12:06 (4319 turns).

suicidejoker the Covert (Spriggan Enchanter)        Turns: 4319, Time: 00:12:07

Health: -3/29      AC:  4    Str:  6    XL:     6   Next: 92%
Magic:  0/13       EV: 19    Int: 17    God:
Gold:   96         SH:  0    Dex: 16    Spells: 4 memorised, 5 levels left

rFire  . . .     SeeInvis +     a - +1 dagger
rCold  . . .     Gourm    .     b - +2 robe
rNeg   . . .     Faith    .     (shield restricted)
rPois  .         Spirit   .     (helmet restricted)
rElec  .         Reflect  .     (no cloak)
rCorr  .         Harm     .     (gloves unavailable)
MR     +....                    (boots unavailable)
Stlth  ++++......               (no amulet)
                                (no ring)
                                (no ring)

@: very slightly contaminated, very quick
A: unfitting armour, talons 1, see invisible, herbivore 3, speed 3, mutation
resistance 1, slow metabolism 2, subdued magic 1
a: no special abilities


You were on level 4 of the Dungeon.
You were very hungry.

You visited 1 branch of the dungeon, and saw 4 of its levels.
You also visited: Sewer.

You collected 96 gold pieces.

Inventory:

Hand Weapons
 a - a +1 dagger (weapon)
 l - a +0 hunting sling
 q - a +1 short sword of freezing
 v - a +0 blowgun
Missiles
 k - 25 poisoned needles
 m - 105 stones (quivered)
 r - 34 sling bullets
Armour
 b - a +2 robe (worn)
Wands
 e - a wand of teleportation (4/9)
Scrolls
 h - a scroll of remove curse
 n - a scroll of fog
 o - a scroll of enchant weapon {unknown}
 u - a scroll of enchant armour
Potions
 i - a potion of cancellation {unknown}
 j - a potion of brilliance {unknown}
 p - 2 potions of magic {unknown}
 s - 3 potions of curing
Books
 c - a book of Maledictions

   Spells                             Type                      Level
   a - Corona                         Hexes                        1
   b - Ensorcelled Hibernation        Hexes/Ice                    2
   c - Confuse                        Hexes                        3
   d - Tukima's Dance                 Hexes                        3
   e - Dazzling Spray                 Conjuration/Hexes            3
Comestibles
 d - 7 bread rations
 t - a fruit


   Skills:
 + Level 0.5 Fighting
 + Level 2.3 Short Blades
 + Level 4.1 Dodging
 + Level 8.1 Stealth
 + Level 4.5 Spellcasting
 + Level 5.1 Hexes
 + Level 1.4 Ice Magic


You had 5 spell levels left.
You knew the following spells:

 Your Spells              Type           Power        Failure   Level  Hunger
a - Corona                Hex            ###....      1%          1    None
b - Ensorcelled Hibernat  Hex/Ice        ##....       8%          2    ##.....
c - Confuse               Hex            ###.....     6%          3    ###....
d - Dazzling Spray        Conj/Hex       #.....       14%         3    ###....


Dungeon Overview and Level Annotations

Branches:
Dungeon (4/15)
 Temple: D:4-7

Altars:
Fedhas
Kikubaaqudgha
Okawaru
Xom
Zin
The Shining One

Annotations:
D:4 Pikel, Sigmund


Innate Abilities, Weirdness & Mutations

You are very small and have problems with some larger weapons.
You are too small for most types of armour.
You have supernaturally acute eyesight. (SInv)
You are a herbivore.
You cover ground extremely quickly.
You need consume almost no food.
You have sharp toenails.
You are somewhat resistant to further mutation.
Your spells are a little easier to cast, but a little less powerful.


Message History

Press: ? - help, Shift-Dir - straight line, f/p - Pikel
Aim: Pikel, wielding a whip of flaming and wearing a robe (chance to defeat MR: 50%) Pikel resists with significant effort.
The slave shouts!
Pikel hits you with a whip of flaming. Pikel burns you.
Casting: Confuse
Confirm with . or Enter, or press ? or * to list all spells.
You don't have enough magic to cast that spell.
Unknown command.
Okay, then.
It was a potion of beneficial mutation.
Your toenails lengthen and sharpen.
You feel fantastic! Pikel hits you with a whip of flaming!
* * * LOW HITPOINT WARNING * * *
Pikel burns you.
* * * LOW HITPOINT WARNING * * *
It was a potion of mutation.
You feel extremely strange.
You feel genetically stable.
Your connection to magic feels subdued.
Pikel hits you with a whip of flaming.
You die...

....$........##.....#
.............##.....#
.............###.[..#
...##........#....#.#
.. #........#.##.#.#
. ...######.#.#.†.<#
....
#..[#..#.########
....
#####..#..#.........
#.
#..@K..p#.##########
#[.............
#.......#.####.
#.......#.#
###..#..#.# ##+###...
... ...


You could see Pikel and a slave.

Vanquished Creatures
  A slave (D:4)
  The ghost of someotherguy6 the Changer, an amateur MfTm (D:3)
  2 bullfrogs (Sewer)
  A bullfrog skeleton (D:4)
  An orc priest (D:3)
  An orc wizard (D:3)
  4 gnolls (D:3)
  8 adders
  4 worms
  2 dart slugs
  8 leopard geckos
  3 orcs (D:3)
  7 giant cockroaches
  4 goblins
  7 hobgoblins
  4 jackals (D:3)
  A quokka (D:3)
  A ball python (Sewer)
  3 bats
  11 frilled lizards
  4 kobolds
  A leopard gecko skeleton (D:4)
  2 rats
81 creatures vanquished.

Notes
Turn   | Place    | Note
-------+----------+-------------------------------------------
     0 | D:1      | suicidejoker the Spriggan Enchanter began the quest for the Orb.
     0 | D:1      | Reached XP level 1. HP: 9/9 MP: 5/5
   116 | D:1      | Reached XP level 2. HP: 11/13 MP: 7/7
   188 | D:1      | Learned a level 2 spell: Ensorcelled Hibernation
   613 | D:1      | Reached skill level 5 in Stealth
   908 | D:2      | Reached XP level 3. HP: 16/16 MP: 8/8
   913 | D:2      | Learned a level 3 spell: Confuse
   917 | D:2      | Found a shimmering altar of Xom.
  1309 | D:2      | Found an iron altar of Okawaru.
  1421 | D:3      | Reached skill level 6 in Stealth
  1421 | D:3      | Reached XP level 4. HP: 21/21 MP: 7/10
  1570 | D:3      | Noticed someotherguy6's ghost (amateur MfTm)
  1621 | D:3      | Found a glowing drain.
  1895 | Sewer    | Entered a sewer
  2321 | Sewer    | Noticed a bullfrog
  2332 | Sewer    | Killed a bullfrog
  2332 | Sewer    | Reached skill level 1 in Ice Magic
  2332 | Sewer    | Reached XP level 5. HP: 10/25 MP: 4/11
  2543 | Sewer    | Learned a level 3 spell: Dazzling Spray
  2565 | Sewer    | Reached skill level 7 in Stealth
  2925 | D:3      | Found a glowing golden altar of the Shining One.
  2983 | D:3      | Reached XP level 6. HP: 8/29 MP: 2/12
  2991 | D:3      | Killed someotherguy6's ghost
  2994 | D:3      | Reached skill level 5 in Hexes
  3016 | D:3      | Found a blossoming altar of Fedhas.
  3024 | D:3      | Found an ancient bone altar of Kikubaaqudgha.
  3225 | D:3      | Found a glowing silver altar of Zin.
  4099 | D:4      | Noticed Pikel
  4099 | D:4      | Noticed a slave
  4099 | D:4      | Noticed a slave
  4099 | D:4      | Noticed a slave
  4102 | D:4      | Noticed Sigmund
  4102 | D:4      | Noticed a slave
  4159 | D:4      | Reached skill level 8 in Stealth
  4261 | D:4      | Killed a slave
  4318 | D:4      | Gained mutation: You have sharp toenails. [potion of beneficial mutation]
  4319 | D:4      | Gained mutation: You are somewhat resistant to further mutation. [potion of mutation]
  4319 | D:4      | Gained mutation: Your spells are a little easier to cast, but a little less powerful. [potion of mutation]
  4319 | D:4      | Slain by Pikel

Vault maps used:
D:1:      scummos_arrival_forest
D:2:      okawaru_gym_becter, xom_teletrap_fun, minmay_misc_feat_more_columns
D:3:      tso_altar, zin_academy, grunt_temple_overflow_growth_and_decay,
          portal_sewer_entry_f, first_bread, glass_columns_c, minmay_misc_feat_x
D:4:      nicolae_ru_the_path_less_chosen, kennysheep_little_box,
          grunt_qazlal_clouds, lemuel_doored_altar, kennysheep_nondescript,
          minmay_misc_feat_rows, uniq_pikel, uniq_sigmund, uniq_eustachio
Sewer:    sewer_frog_island_01

Skill      XL: |  1  2  3  4  5  6 |
---------------+-------------------+-----
Spellcasting   | 3 4 |  4.5
Stealth        | 5 6 7 8 |  8.1
Hexes          | 4 5 |  5.1
Ice Magic      | 1 |  1.4
Dodging        | 4 |  4.1
Short Blades   | 2 |  2.3
Fighting       | |  0.5

Action                   |  1- 3 |  4- 6 || total
-------------------------+-------+-------++-------
Melee: Dagger            |    84 |   161 ||   245
 Cast: Ensorcelled Hiber |     4 |    44 ||    48
       Confuse           |       |     6 ||     6
  Use: Scroll            |       |     9 ||     9
       Potion            |       |     4 ||     4
 Stab: Sleeping          |    13 |    28 ||    41
       Confused          |       |     4 ||     4
  Eat: Fruit             |       |     1 ||     1
       Pizza             |       |     1 ||     1
Armor: Robe              |     9 |    23 ||    32
Dodge: Dodged            |    60 |   186 ||   246
